TOP OF THE 1ST |
Iowa State Cyclones batting - Pitching for Kansas State Wildcats : LHP Ken Noble
|
Pitching: LHP Ken Noble
|
|
Batting: LHB Andrew Chambers
|
0-0: Ball 1-0: Ground out 6-3 (Groundball, 6)
|
Batting: LHB Marty Gómez
|
0-0: Called Strike 0-1: Ball 1-1: Called Strike 1-2: Foul Ball, location: 2F 1-2: Ball 2-2: Foul Ball, location: 2F 2-2: Ground out 4-3 (Groundball, 4MD)
|
Batting: RHB Danny Gilbert
|
0-0: Called Strike 0-1: Swinging Strike 0-2: Strikes out looking
|
Top of the 1st over - 0 runs, 0 hits, 0 errors, 0 left on base; Iowa State 0 - Kansas State 0 |
BOTTOM OF THE 1ST |
Kansas State Wildcats batting - Pitching for Iowa State Cyclones : RHP Rodney Clemente
|
Pitching: RHP Rodney Clemente
|
|
Batting: RHB Tony Klein
|
0-0: Ball 1-0: Ball 2-0: Called Strike 2-1: SINGLE (Groundball, 6MD)
|
Batting: RHB Ben McKenzie
|
0-0: Ball 1-0: Ball 2-0: Ball 3-0: Base on Balls Tony Klein to second
|
Batting: RHB Fred Smith
|
0-0: Ball 1-0: Swinging Strike 1-1: Ball 2-1: Ball 3-1: Base on Balls Tony Klein to third Ben McKenzie to second
|
Batting: RHB Jeff Moore
|
0-0: Called Strike 0-1: Ball 1-1: Foul Ball, location: 2F 1-2: Strikes out swinging
|
Batting: SHB Larry Edwards
|
0-0: Called Strike 0-1: Ball 1-1: Swinging Strike 1-2: Strikes out swinging
|
Batting: RHB Richard Mitchell
|
0-0: Ball 1-0: Fielders Choice at 2nd, 5-4 (Groundball, 5)
|
Bottom of the 1st over - 0 runs, 1 hit, 0 errors, 3 left on base; Iowa State 0 - Kansas State 0 |
TOP OF THE 2ND |
Iowa State Cyclones batting - Pitching for Kansas State Wildcats : LHP Ken Noble
|
Batting: LHB Alberto Paz
|
0-0: Ball 1-0: Foul Ball, location: 2F 1-1: Ball 2-1: Fly out, F3 (Line Drive, 3L)
|
Batting: RHB Wesley Wood
|
0-0: Swinging Strike 0-1: Swinging Strike 0-2: Strikes out swinging
|
Batting: RHB Louis García
|
0-0: Called Strike 0-1: Called Strike 0-2: Ball 1-2: TRIPLE (Flyball, 89XD)
|
Batting: SHB Octávio Longoria
|
0-0: Ball Wild Pitch! Louis García scores 1-0: Called Strike 1-1: Ball 2-1: Foul Ball, location: 2F 2-2: SINGLE (Groundball, 6MD)
|
Batting: LHB Chris Samuels
|
0-0: Ball 1-0: Called Strike 1-1: Ball 2-1: Foul Ball, location: 2F 2-2: Ground out 4-3 (Groundball, 4S)
|
Top of the 2nd over - 1 run, 2 hits, 0 errors, 1 left on base; Iowa State 1 - Kansas State 0 |
BOTTOM OF THE 2ND |
Kansas State Wildcats batting - Pitching for Iowa State Cyclones : RHP Rodney Clemente
|
Batting: RHB Don Prince
|
0-0: Ball 1-0: SINGLE (Groundball, 6MD)
|
Batting: RHB Bob Richard
|
0-0: Ball 1-0: Foul Ball, location: 2F 1-1: Fly out, F7 (Line Drive, 78D)
|
Batting: RHB Mario Ramírez
|
0-0: Ball 1-0: Ball Don Prince steals 2nd base 2-0: Ball 3-0: Base on Balls
|
Batting: RHB Tony Klein
|
0-0: Ball 1-0: Called Strike 1-1: Ball 2-1: Fielders Choice at 2nd, 1-6 (Groundball, P) Don Prince to third
|
Batting: RHB Ben McKenzie
|
0-0: Ball 1-0: Called Strike 1-1: Called Strike 1-2: Foul Ball, location: 2F 1-2: Fly out, F8 (Flyball, 8RD)
|
Bottom of the 2nd over - 0 runs, 1 hit, 0 errors, 2 left on base; Iowa State 1 - Kansas State 0 |
TOP OF THE 3RD |
Iowa State Cyclones batting - Pitching for Kansas State Wildcats : LHP Ken Noble
|
Batting: RHB Ollie Johnson
|
0-0: Fly out, F3 (Popup, 3D)
|
Batting: LHB Andrew Chambers
|
0-0: Called Strike 0-1: Ball 1-1: Ground out 6-3 (Groundball, 6)
|
Batting: LHB Marty Gómez
|
0-0: Foul Ball, location: 2F 0-1: Called Strike 0-2: Ball 1-2: Fly out, F9 (Flyball, 89M)
|
Top of the 3rd over - 0 runs, 0 hits, 0 errors, 0 left on base; Iowa State 1 - Kansas State 0 |
BOTTOM OF THE 3RD |
Kansas State Wildcats batting - Pitching for Iowa State Cyclones : RHP Rodney Clemente
|
Batting: RHB Fred Smith
|
0-0: Fly out, F8 (Flyball, 8LD)
|
Batting: RHB Jeff Moore
|
0-0: Ball 1-0: Ball 2-0: Swinging Strike 2-1: Ball 3-1: Called Strike 3-2: SOLO HOME RUN (Flyball, 7LD), Distance : 339 ft
|
Batting: SHB Larry Edwards
|
0-0: Ball 1-0: Foul Ball, location: 2F 1-1: Ball 2-1: Fly out, F7 (Flyball, 7LSF)
|
Batting: RHB Richard Mitchell
|
0-0: Called Strike 0-1: Ball 1-1: SOLO HOME RUN (Flyball, 78XD), Distance : 385 ft
|
Batting: RHB Don Prince
|
0-0: Ball 1-0: Foul Ball, location: 2F 1-1: Ball 2-1: Ball 3-1: Base on Balls
|
Batting: RHB Bob Richard
|
0-0: Ball 1-0: Ball 2-0: Called Strike 2-1: Foul Ball, location: 2F 2-2: Ground out 4-3 (Groundball, 4)
|
Bottom of the 3rd over - 2 runs, 2 hits, 0 errors, 1 left on base; Iowa State 1 - Kansas State 2 |
TOP OF THE 4TH |
Iowa State Cyclones batting - Pitching for Kansas State Wildcats : LHP Ken Noble
|
Batting: RHB Danny Gilbert
|
0-0: Called Strike 0-1: DOUBLE (Line Drive, 7LM)
|
Batting: LHB Alberto Paz
|
0-0: Ball 1-0: Ball 2-0: Called Strike 2-1: Swinging Strike 2-2: Strikes out looking
|
Batting: RHB Wesley Wood
|
0-0: Called Strike 0-1: Ball 1-1: Called Strike 1-2: Ground out 5-3 (Groundball, 56S) Danny Gilbert to third
|
Batting: RHB Louis García
|
0-0: SINGLE (Line Drive, 34) Danny Gilbert scores
|
Batting: SHB Octávio Longoria
|
0-0: Ball Throwing error on steal attempt, E2 Louis García to third 1-0: Foul Ball, location: 2F 1-1: Ball 2-1: SINGLE (Groundball, 4MD) Louis García scores
|
Batting: LHB Chris Samuels
|
0-0: Called Strike 0-1: Foul Ball, location: 2F 0-2: Foul Ball, location: 2F 0-2: Strikes out swinging, 2-3 out at first.
|
Top of the 4th over - 2 runs, 3 hits, 1 error, 1 left on base; Iowa State 3 - Kansas State 2 |
BOTTOM OF THE 4TH |
Kansas State Wildcats batting - Pitching for Iowa State Cyclones : RHP Rodney Clemente
|
Batting: RHB Mario Ramírez
|
0-0: Called Strike 0-1: SINGLE (Groundball, 56S) (infield hit)
|
Batting: RHB Tony Klein
|
0-0: Ball 1-0: Ball 2-0: Fielders Choice at 2nd, 6-4 (Groundball, 6)
|
Batting: RHB Ben McKenzie
|
0-0: Ball 1-0: Called Strike 1-1: Ball 2-1: Foul Ball, location: 2F 2-2: Strikes out swinging Tony Klein steals 2nd base Batter strikes out.
|
Batting: RHB Fred Smith
|
0-0: Called Strike 0-1: Foul Ball, location: 2F 0-2: Ball 1-2: Foul Ball, location: 2F 1-2: Strikes out swinging
|
Bottom of the 4th over - 0 runs, 1 hit, 0 errors, 1 left on base; Iowa State 3 - Kansas State 2 |
TOP OF THE 5TH |
Iowa State Cyclones batting - Pitching for Kansas State Wildcats : LHP Ken Noble
|
Batting: RHB Ollie Johnson
|
0-0: Ball 1-0: Called Strike 1-1: Ball 2-1: Foul Ball, location: 2F 2-2: Foul Ball, location: 2F 2-2: Ball 3-2: Foul Ball, location: 2F 3-2: Foul Ball, location: 2F 3-2: Base on Balls
|
Batting: LHB Andrew Chambers
|
0-0: Ball Ollie Johnson is caught stealing 2nd base 1-0: Foul Ball, location: 2F 1-1: Fly out, F8 (Flyball, 8LXD)
|
Batting: LHB Marty Gómez
|
0-0: Called Strike 0-1: Ball 1-1: Ball 2-1: Ball 3-1: Called Strike 3-2: Base on Balls
|
Batting: RHB Danny Gilbert
|
0-0: Called Strike 0-1: Ball 1-1: DOUBLE (Flyball, 89D) Marty Gómez to third Runner from 3rd tries for Home, SAFE, no throw
|
Pitching: RHP Billy Cole
|
|
Batting: LHB Alberto Paz
|
0-0: Foul Ball, location: 2F 0-1: Ball 1-1: Ball 2-1: Ball 3-1: Base on Balls
|
Batting: RHB Wesley Wood
|
0-0: Called Strike 0-1: Ball 1-1: Ball 2-1: Foul Ball, location: 2F 2-2: Strikes out swinging
|
Top of the 5th over - 1 run, 1 hit, 0 errors, 2 left on base; Iowa State 4 - Kansas State 2 |
BOTTOM OF THE 5TH |
Kansas State Wildcats batting - Pitching for Iowa State Cyclones : RHP Rodney Clemente
|
Pitching: LHP Bob Wallace
|
|
Batting: RHB Jeff Moore
|
0-0: Ball 1-0: Ground out 4-3 (Groundball, 4)
|
Batting: SHB Larry Edwards
|
0-0: Ball 1-0: Foul Ball, location: 2F 1-1: Swinging Strike 1-2: Ball 2-2: Fly out, F8 (Flyball, 8RD)
|
Batting: RHB Richard Mitchell
|
0-0: Called Strike 0-1: Ball 1-1: Foul Ball, location: 2F 1-2: Ball 2-2: Ball 3-2: Base on Balls
|
Batting: RHB Don Prince
|
0-0: Ball 1-0: Ball 2-0: Ball 3-0: Base on Balls Richard Mitchell to second
|
Batting: RHB Bob Richard
|
0-0: Ball 1-0: Called Strike 1-1: Fly out, F7 (Flyball, 7S)
|
Bottom of the 5th over - 0 runs, 0 hits, 0 errors, 2 left on base; Iowa State 4 - Kansas State 2 |
TOP OF THE 6TH |
Iowa State Cyclones batting - Pitching for Kansas State Wildcats : RHP Billy Cole
|
Batting: RHB Louis García
|
0-0: Ball 1-0: Foul Ball, location: 2F 1-1: Ball 2-1: SINGLE (Line Drive, 89S)
|
Batting: SHB Octávio Longoria
|
0-0: Ball 1-0: Ball Louis García steals 2nd base 2-0: Called Strike 2-1: Swinging Strike 2-2: Ball 3-2: Ground out 6-3 (Groundball, 6) Louis García to third
|
Batting: LHB Chris Samuels
|
0-0: Intentional Walk
|
Batting: RHB Ollie Johnson
|
0-0: Ball 1-0: Fielders Choice at 2nd, 1-6 (Groundball, 13S)
|
Batting: LHB Andrew Chambers
|
0-0: Ball 1-0: SINGLE (Groundball, 6M) (infield hit) Louis García scores Ollie Johnson to second
|
Batting: LHB Marty Gómez
|
0-0: Called Strike 0-1: Called Strike 0-2: Ball 1-2: Strikes out swinging
|
Top of the 6th over - 1 run, 2 hits, 0 errors, 2 left on base; Iowa State 5 - Kansas State 2 |
BOTTOM OF THE 6TH |
Kansas State Wildcats batting - Pitching for Iowa State Cyclones : LHP Bob Wallace
|
Batting: RHB Mario Ramírez
|
0-0: SOLO HOME RUN (Flyball, 7LD), Distance : 312 ft
|
Batting: RHB Tony Klein
|
0-0: Ball 1-0: Ball 2-0: Swinging Strike 2-1: SINGLE (Groundball, 34D)
|
Batting: RHB Ben McKenzie
|
0-0: Swinging Strike 0-1: Ball 1-1: Swinging Strike 1-2: Strikes out looking
|
Batting: RHB Fred Smith
|
0-0: Ball 1-0: Called Strike 1-1: Ball 2-1: Ball 3-1: Grounds into double play, 6-4-3 (Groundball, 6)
|
Bottom of the 6th over - 1 run, 2 hits, 0 errors, 0 left on base; Iowa State 5 - Kansas State 3 |
TOP OF THE 7TH |
Iowa State Cyclones batting - Pitching for Kansas State Wildcats : RHP Billy Cole
|
Batting: RHB Danny Gilbert
|
0-0: Swinging Strike 0-1: Swinging Strike 0-2: Strikes out swinging
|
Batting: LHB Alberto Paz
|
0-0: Ball 1-0: Ball 2-0: Ball 3-0: Base on Balls
|
Batting: RHB Wesley Wood
|
0-0: Ball 1-0: Ball 2-0: Ball 3-0: Base on Balls Alberto Paz to second
|
Pinch Hitting: LHB Geoffrey Poole
|
0-0: Called Strike Alberto Paz steals 3rd base Wesley Wood to second 0-1: SINGLE (Groundball, 3D) Alberto Paz scores Wesley Wood to third
|
Batting: SHB Octávio Longoria
|
0-0: Ball 1-0: Ball 2-0: Called Strike 2-1: Ball 3-1: Base on Balls Geoffrey Poole to second
|
Pitching: LHP Diego Reyes
|
|
Pinch Hitting: SHB Royce Griffin
|
0-0: Called Strike 0-1: Ball 1-1: Ball 2-1: Ball 3-1: Swinging Strike 3-2: Base on Balls Wesley Wood scores Geoffrey Poole to third Octávio Longoria to second
|
Batting: RHB Ollie Johnson
|
0-0: Called Strike 0-1: Ball 1-1: Foul Ball, location: 2F 1-2: SINGLE (Flyball, 89S) Geoffrey Poole scores Octávio Longoria to third Royce Griffin to second
|
Batting: LHB Andrew Chambers
|
0-0: Called Strike 0-1: Called Strike 0-2: SINGLE (Flyball, 9LM) Octávio Longoria scores Royce Griffin to third Ollie Johnson to second
|
Batting: LHB Marty Gómez
|
0-0: SINGLE (Line Drive, 6MD) Royce Griffin scores Ollie Johnson to third Andrew Chambers to second
|
Batting: RHB Danny Gilbert
|
0-0: GRAND SLAM HOME RUN (Flyball, 7D), Distance : 354 ft
|
Batting: LHB Alberto Paz
|
0-0: Ball 1-0: Ball 2-0: TRIPLE (Line Drive, 7D)
|
Batting: RHB Wesley Wood
|
0-0: Foul Ball, location: 2F 0-1: Ball 1-1: Foul Ball, location: 2F 1-2: Ball 2-2: Strikes out swinging
|
Batting: LHB Geoffrey Poole
|
0-0: Ball Steal of home, Alberto Paz is safe 1-0: Foul Ball, location: 2F 1-1: Foul Ball, location: 2F 1-2: Strikes out swinging
|
Top of the 7th over - 10 runs, 6 hits, 0 errors, 0 left on base; Iowa State 15 - Kansas State 3 |
BOTTOM OF THE 7TH |
Kansas State Wildcats batting - Pitching for Iowa State Cyclones : LHP Bob Wallace
|
Now at SS: Jimmy Stokes
|
|
Now in RF: Geoffrey Poole
|
|
Batting: RHB Jeff Moore
|
0-0: Ball 1-0: Foul Ball, location: 2F 1-1: Ball 2-1: Ball 3-1: Base on Balls
|
Batting: SHB Larry Edwards
|
0-0: Ball 1-0: Ball 2-0: Called Strike 2-1: Ball 3-1: DOUBLE (Flyball, 8LD) Jeff Moore to third
|
Pinch Hitting: RHB Enrique Navarro
|
0-0: Ball 1-0: Foul Ball, location: 2F 1-1: Ball 2-1: Ball 3-1: Called Strike 3-2: SINGLE (Line Drive, 89S) Jeff Moore scores Larry Edwards to third
|
Batting: RHB Don Prince
|
0-0: DOUBLE (Line Drive, 7LS) Larry Edwards scores Enrique Navarro to third
|
Batting: RHB Bob Richard
|
0-0: Swinging Strike 0-1: Called Strike 0-2: Foul Ball, location: 2F 0-2: Fly out, F2 (Popup, 23F)
|
Batting: RHB Mario Ramírez
|
0-0: Foul Ball, location: 2F 0-1: Ball 1-1: Fly out, F9 (Flyball, 89S)
|
Batting: RHB Tony Klein
|
0-0: Foul Ball, location: 2F 0-1: Ball 1-1: Ball 2-1: SINGLE (Line Drive, 4MD) Enrique Navarro scores Don Prince to third Runner from 3rd tries for Home, SAFE, no throw
|
Batting: RHB Ben McKenzie
|
0-0: Ball 1-0: Ball 2-0: Ball 3-0: Base on Balls Tony Klein to second
|
Batting: RHB Fred Smith
|
0-0: Called Strike 0-1: Ball 1-1: Ball 2-1: Swinging Strike 2-2: Fly out, F9 (Flyball, 9D)
|
Bottom of the 7th over - 4 runs, 4 hits, 0 errors, 2 left on base; Iowa State 15 - Kansas State 7 |
TOP OF THE 8TH |
Iowa State Cyclones batting - Pitching for Kansas State Wildcats : LHP Diego Reyes
|
Now at 1B: Enrique Navarro
|
|
Batting: SHB Octávio Longoria
|
0-0: Called Strike 0-1: Ball 1-1: Foul Ball, location: 2F 1-2: Strikes out swinging
|
Batting: RHB Jimmy Stokes
|
0-0: Ball 1-0: Fly out, F8 (Line Drive, 8LD)
|
Batting: RHB Ollie Johnson
|
0-0: Called Strike 0-1: Ball 1-1: Ground out 4-3 (Groundball, 4)
|
Top of the 8th over - 0 runs, 0 hits, 0 errors, 0 left on base; Iowa State 15 - Kansas State 7 |
BOTTOM OF THE 8TH |
Kansas State Wildcats batting - Pitching for Iowa State Cyclones : LHP Bob Wallace
|
Pitching: RHP Alan Mobley
|
|
Batting: RHB Jeff Moore
|
0-0: Swinging Strike 0-1: Called Strike 0-2: Ball 1-2: Ball 2-2: Foul Ball, location: 2F 2-2: Ball 3-2: Strikes out swinging
|
Batting: SHB Larry Edwards
|
0-0: Ball 1-0: Fly out, F7 (Flyball, 7)
|
Batting: RHB Enrique Navarro
|
0-0: Called Strike 0-1: Ball 1-1: Ball 2-1: Called Strike 2-2: Foul Ball, location: 2F 2-2: Ball 3-2: Ground out 6-3 (Groundball, 56)
|
Bottom of the 8th over - 0 runs, 0 hits, 0 errors, 0 left on base; Iowa State 15 - Kansas State 7 |
TOP OF THE 9TH |
Iowa State Cyclones batting - Pitching for Kansas State Wildcats : LHP Diego Reyes
|
Batting: LHB Andrew Chambers
|
0-0: Foul Ball, location: 2F 0-1: Swinging Strike 0-2: Strikes out looking
|
Batting: LHB Marty Gómez
|
0-0: Swinging Strike 0-1: Ball 1-1: Swinging Strike 1-2: Foul Ball, location: 2F 1-2: Ball 2-2: Ball 3-2: Base on Balls
|
Batting: RHB Danny Gilbert
|
0-0: Foul Ball, location: 2F 0-1: Ball 1-1: Swinging Strike 1-2: Ball 2-2: DOUBLE (Line Drive, 9LD) Marty Gómez to third Runner from 3rd tries for Home, SAFE, no throw
|
Pitching: LHP Adam Webb
|
|
Batting: LHB Alberto Paz
|
0-0: Foul Ball, location: 2F 0-1: Ball 1-1: Ball 2-1: Swinging Strike 2-2: Foul Ball, location: 2F 2-2: Foul Ball, location: 2F 2-2: Ground out U3 (Groundball, 3S) Danny Gilbert to third
|
Batting: RHB Wesley Wood
|
0-0: Ball 1-0: SINGLE (Groundball, 34D) Danny Gilbert scores
|
Batting: LHB Geoffrey Poole
|
0-0: Foul Ball, location: 2F 0-1: Ball 1-1: Ball 2-1: Swinging Strike 2-2: Strikes out looking
|
Top of the 9th over - 2 runs, 2 hits, 0 errors, 1 left on base; Iowa State 17 - Kansas State 7 |
BOTTOM OF THE 9TH |
Kansas State Wildcats batting - Pitching for Iowa State Cyclones : RHP Alan Mobley
|
Now at 3B: Johnny Matthews
|
|
Batting: RHB Don Prince
|
0-0: Ball 1-0: Ball 2-0: Ball 3-0: Called Strike 3-1: Base on Balls
|
Batting: RHB Bob Richard
|
0-0: Fly out, F6 (Popup, 6M)
|
Batting: RHB Mario Ramírez
|
0-0: Called Strike 0-1: Ball 1-1: Swinging Strike 1-2: Strikes out looking
|
Batting: RHB Tony Klein
|
0-0: Ball 1-0: Ball 2-0: Fly out, F9 (Flyball, 89S)
|
Bottom of the 9th over - 0 runs, 0 hits, 0 errors, 1 left on base; Iowa State 17 - Kansas State 7 |
|